 Dungeon Crawl Stone Soup version 0.32-a0-732-ga344392067 (webtiles) character file.

Game seed: 1809046176120119227

17 ezpacito the Chopper (level 2, -3/24 HPs)
             Began as a Coglin Chaos Knight on Mar 16, 2024.
             Was a Plaything of Xom.
             Killed by nerve-wracking pain
             ... invoked by Jessica
              (14 damage)
             ... on level 2 of the Dungeon.
             The game lasted 00:00:22 (277 turns).

ezpacito the Chopper (Coglin Chaos Knight)           Turns: 277, Time: 00:00:22

Health: -3/24      AC:  5    Str: 12    XL:     2   Next: 62%
Magic:  2/2        EV: 10    Int: 11    God:    Xom [..*...]
Gold:   48         SH:  0    Dex: 13    Spells: 1/1 levels left

rFire   . . .        a - +0 hand axe (chaos) {Zhen}
rCold   . . .        d - +0 dagger {Balvinder}
rNeg    . . .        b - +2 leather armour
rPois   .            (no helmet)
rElec   .            (no cloak)
rCorr   .            (no gloves)
SInv    .            (no boots)
Will    +....        (amulet unavailable)
Stlth   +            (ring unavailable)
HPRegen 0.24/turn    (ring unavailable)
MPRegen 0.08/turn    (no gizmo)

%: no passive effects
@: enlightened, flying, hasted, very quick
A: off-hand wielding, slow wielding, warmup strikes, no jewellery
a: Invent Gizmo, Renounce Religion


You were on level 2 of the Dungeon.
You worshipped Xom.
You were a toy of Xom.
You visited 1 branch of the dungeon, and saw 2 of its levels.

You collected 48 gold pieces.

Inventory:

Hand Weapons
 a - a +0 hand axe of chaos (weapon) {Zhen}
 d - a +0 dagger (offhand) {Balvinder}
Armour
 b - a +2 leather armour (worn)
Magical Staves
 k - a staff of fire
Scrolls
 c - a scroll of butterflies
 e - a scroll of identify {unknown}
 f - a scroll of blinking {unknown}
 g - a scroll of summoning {unknown}
 h - a scroll of teleportation {unknown}
 i - a scroll of brand weapon {unknown}


   Skills:
 * Level 3.1 Fighting
 * Level 3.1 Axes
 + Level 0.3(1.7) Polearms
 * Level 2.0 Armour
 * Level 1.3 Dodging
 + Level 0.2 Stealth
 + Level 0.0 Spellcasting
 + Level 0.0 Evocations


You had one spell level left.
You didn't know any spells.
Your spell library was empty.

Dungeon Overview and Level Annotations

Branches:
Dungeon (2/15)

Altars:

Annotations:
D:2 Jessica


Innate Abilities, Weirdness & Mutations

You can wield a second weapon in your off-hand.
It takes a long time for you to wield or remove held weapons.
Your first few attacks do less damage.
You cannot equip rings or amulets.


Message History

You fall into a shaft and drop 1 floor!
The shaft crumbles and collapses.
Found 20 gold pieces.
Found a stone staircase leading down.
You now have 33 gold pieces (gained 5).
You now have 48 gold pieces (gained 15).
You open the door.
A kobold comes into view. It is wielding a +0 dagger.
The kobold shouts!
You hear a shout! x2
You barely miss the kobold with your +0 dagger.
You hit the kobold with your +0 hand axe of chaos.
You freeze the kobold.
You kill the kobold!
Found an escape hatch in the floor.
There is an open door here.
You see here a +0 dagger.
Jessica the Apprentice Sorceress comes into view.
She is wielding a +0 dagger.
Jessica shouts!
Jessica is nearby!
Jessica is nearby!
A kobold comes into view. It is wielding a +0 dagger.
The kobold shouts!
An endoplasm comes into view.
A bat comes into view.
The kobold hits you but does no damage. Jessica casts a spell at you.
Pain shoots through your body!
Ouch! That really hurt!
You take 13 damage, and have 11/24 hp.
MASSIVE DAMAGE!!
You are too injured to fight recklessly!
You are too injured to fight recklessly!
It was a potion of enlightenment.
You feel very buoyant.
You fly up into the air.
Xom thinks this is hilarious!
Xom grants you a minor favour.
You feel yourself speed up. The kobold completely misses you.
Jessica gestures at you while chanting. Pain shoots through your body!
Ouch! That really hurt!
You die...
Xom guffaws!

.................
.....####.#######.....#
.....# #...## .....#
.....# ###..## .....#
.....# ##..## ...J.#
.....# ##..# .....#
.....# ##.# .....#
###### #######)##K....#
.........@@b...#
...............+
.!.............#
..............>#
############+##.( .


You could see Jessica, an endoplasm, a bat and a kobold.

Vanquished Creatures
  A dart slug (D:1)
  A bat (D:1)
  2 endoplasms (D:1)
  A giant cockroach (D:1)
  2 goblins (D:1)
  2 kobolds
  2 quokkas (D:1)
  A ball python (D:1)
12 creatures vanquished.

Notes
Turn   | Place    | Note
-------+----------+-------------------------------------------
     0 | D:1      | ezpacito the Coglin Chaos Knight began the quest for the
                  | Orb.
     0 | D:1      | Reached XP level 1. HP: 18/18 MP: 1/1
    28 | D:1      | Reached skill level 1 in Dodging
    67 | D:1      | Reached XP level 2. HP: 20/24 MP: 2/2
   139 | D:1      | XOM: silly message
   243 | D:1      | You fall into a shaft and drop 1 floor!
   274 | D:2      | Noticed Jessica
   277 | D:2      | XOM: potion effect (haste)
   277 | D:2      | Killed from afar by Jessica

Illustrated notes

Levels and vault maps discovered:
D:1:      dpeg_arrival_radiant, layout_basic
D:2:      minmay_roachtagon, layout_basic, basic_altar, uniq_crazy_yiuf_cottage,
          uniq_jessica

Skill      XL: |  1  2 |
---------------+-------+-----
Dodging        | 1 |  1.3
Armour         | 2 |  2.0
Fighting       | |  3.1
Axes           | |  3.1
Polearms       | |  0.3
Stealth        | |  0.2

Action                     || total
---------------------------++-------
  Melee: Hand axe          ||    27
         Dagger            ||    24
    Use: Potion            ||     1
 Armour: Leather armour    ||    19
  Dodge: Dodged            ||    11

Table legend: (Time is in decaauts)
 A = Elapsed time spent in this place.
 B = Non-inter-level travel time spent in this place.
 C = Inter-level travel time spent in this place.
 D = Time resting spent in this place.
 E = Time spent auto-exploring this place.
 F = Levels seen in this place.
 G = Mean time per level.
                   A        B        C        D        E       F      G
               +--------+--------+--------+--------+--------+-----+--------+
         Total |    279 |    279 |      0 |      0 |    197 |   2 |  139.5 |
       Dungeon |    279 |    279 |      0 |      0 |    197 |   2 |  139.5 |
               +--------+--------+--------+--------+--------+-----+--------+

Top non-repeatable levels by time:
     D:1: 245 daAuts
     D:2: 33 daAuts
